 Dungeon Crawl Stone Soup version 0.27-a0-965-gbf8bb431c4 (webtiles) character file.

Game seed: 4886666266570127276

5436 leviel the Protected (level 10, -2/90 HPs)
             Began as a Minotaur Fighter on Apr 12, 2021.
             Was a Believer of Okawaru.
             Slain by Erica
             ... wielding a +1 scimitar of flaming
              (7 damage)
             ... on level 9 of the Dungeon.
             The game lasted 00:15:05 (9148 turns).

leviel the Protected (Minotaur Fighter)             Turns: 9148, Time: 00:15:05

Health: -2/90      AC: 18    Str: 24    XL:     10   Next: 41%
Magic:  11/11      EV:  8    Int:  5    God:    Okawaru [**....]
Gold:   38         SH: 17    Dex: 13    Spells: 9/9 levels left

rFire    . . .     SeeInvis .   a - +0 war axe
rCold    + + .     Faith    .   c - +0 kite shield
rNeg     + . .     Spirit   .   w - +2 plate armour {rC+}
rPois    +         Reflect  +   (helmet restricted)
rElec    .         Harm     .   (no cloak)
rCorr    .         Rampage  .   (no gloves)
Will     .....                  s - +1 pair of boots
Stlth    ..........             f - amulet of reflection
HPRegen  0.25/turn              l - ring of positive energy
MPRegen  0.12/turn              n - ring of Ceuhumu {*Corrode rPois rC+ Dex+3}

@: lethally poisoned (-2 -> -7), slowed, very slow
A: horns 2, retaliatory headbutt
a: Renounce Religion, Heroism


You were on level 9 of the Dungeon.
You worshipped Okawaru.
Okawaru was pleased with you.
You visited 2 branches of the dungeon, and saw 10 of its levels.

You collected 885 gold pieces.
You spent 847 gold pieces at shops.

Inventory:

Hand Weapons
 a - a +0 war axe (weapon)
Armour
 c - a +0 kite shield (worn)
 s - a +1 pair of boots (worn)
 w - a +2 plate armour of cold resistance (worn)
Jewellery
 f - an amulet of reflection (around neck)
 l - a ring of positive energy (left hand)
 n - the ring of Ceuhumu (right hand) {*Corrode rPois rC+ Dex+3}
   (You bought it in a shop on level 8 of the Dungeon)

   [ring of protection from cold]

   It affects your dexterity (+3).
   It protects you from cold.
   It protects you from poison.
   It may corrode you when you take damage.
 q - a ring of positive energy
Wands
 b - a wand of flame (21)
 u - a wand of iceblast (5)
 v - a wand of mindburst (12)
Scrolls
 h - a scroll of fear
 m - 2 scrolls of magic mapping
 p - 2 scrolls of enchant armour
Potions
 d - a potion of ambrosia
 i - 3 potions of brilliance
 j - 2 potions of mutation
 k - 3 potions of curing
 o - 4 potions of flight
 r - 3 potions of heal wounds
 t - 4 potions of attraction


   Skills:
 - Level 8.9 Fighting
 - Level 8.4 Axes
 + Level 9.1 Armour
 + Level 7.4 Dodging
 + Level 9.1 Shields
 + Level 2.8 Invocations


You had 9 spell levels left.
You didn't know any spells.
Your spell library contained the following spells:

 Spells                   Type           Power      Damage    Failure   Level
 Magic Dart               Conj           0%         1d3       100%        1
 Searing Ray              Conj           0%         3d3       100%        2
 Dazzling Flash           Conj/Hex       0%         N/A       100%        3
 Fulminant Prism          Conj/Hex       0%         3d6       100%        4
 Iskenderun's Mystic Bla  Conj/Tloc      0%         2d3       100%        4


Dungeon Overview and Level Annotations

Branches:
Dungeon (9/15)             Temple (1/1) D:7
   Lair: D:8-11         Orc: D:9-12

Altars:
Ashenzari
Cheibriados
Fedhas
Gozag
Kikubaaqudgha
Makhleb
Nemelex Xobeh
Okawaru
Qazlal
Ru
Sif Muna
Trog
Uskayaw
Vehumet
Wu Jian
Xom
Yredelemnul
Zin
The Shining One

Shops:
D:7 :   D:8 [!!:=   D:9 (

Annotations:
D:9 Erica


Innate Abilities, Weirdness & Mutations

You have a pair of horns on your head.
You reflexively headbutt those who attack you in melee.


Message History

Something tries to affect you, but you resist.
The orc priest calls down the wrath of Beogh upon you.
Beogh smites you!
You feel sick.
You feel sick.
Okay, then.
You feel sick.
You feel sick.
You feel yourself slow down.
You feel sick.
You hear some strange, mumbled words.
You are confused.
You're too confused to move!
You feel sick.
You are no longer poisoned.
You hear some strange, mumbled words.
A bolt of poison appears from out of thin air!
The bolt of poison hits you! You resist.
* * * LOW HITPOINT WARNING * * *
You bump into the rock wall.
You are too confused!
Unknown command.
You are too confused!
Found a scroll labelled TULIGEAHIF.
You hear some strange, mumbled words.
A bolt of poison appears from out of thin air!
The bolt of poison hits you.
You are poisoned.
You resist.
* * * LOW HITPOINT WARNING * * *
Found a scroll of identify.
You are too confused!
You bump into the rock wall.
You feel less confused.
* * * LOW HITPOINT WARNING * * *
You feel very sick.
The orc priest looks braver for a moment.
Something hits you but does no damage.
* * * LOW HITPOINT WARNING * * *
You feel very sick. Something hits you!
You die...

#.# #.#
#o# #.#
#o# #o#
#.#
#?####o#
#?..@..#
########


You could see an orc.

Vanquished Creatures
  A two-headed ogre (D:9)
  Pikel (D:8)
  Grinder (D:5)
  Prince Ribbit (D:8)
  5 yaks (D:9)
  2 steam dragons
  Menkaure (D:6)
  2 sky beasts (D:5)
  3 necrophages
  2 orc warriors (D:9)
  A black bear (D:6)
  An ogre (D:6)
  2 centaurs
  2 phantoms
  2 bullfrogs
  A wyvern zombie (D:8)
  A water moccasin zombie (D:6)
  6 killer bees (D:8)
  5 wights (D:7)
  2 centaur zombies
  3 jellies
  3 hounds
  4 orc priests
  A gnoll shaman (D:3)
  2 bullfrog skeletons (D:6)
  Crazy Yiuf (D:5)
  10 orc wizards
  An iguana (D:6)
  A scorpion zombie (D:5)
  4 adders
  8 gnolls
  A shadow imp (D:7)
  A white imp (D:7)
  2 ufetubi (D:5)
  2 adder zombies (D:5)
  3 worms
  A dart slug (D:5)
  25 orcs
  9 endoplasms
  2 giant cockroaches
  3 goblins
  9 hobgoblins
  4 jackals
  5 kobolds
  4 quokkas
  9 ball pythons
  10 bats
  6 frilled lizards
  3 rats
  2 bushes (D:5)
181 creatures vanquished.

Vanquished Creatures (others)
  An orc wizard (D:7)
  2 fungi (D:5)
3 creatures vanquished.

Grand Total: 184 creatures vanquished

Notes
Turn   | Place    | Note
-------+----------+-------------------------------------------
     0 | D:1      | leviel the Minotaur Fighter began the quest for the Orb.
     0 | D:1      | Reached XP level 1. HP: 19/19 MP: 0/0
   173 | D:1      | Reached XP level 2. HP: 23/27 MP: 1/1
   895 | D:2      | Reached XP level 3. HP: 33/34 MP: 2/2
  1406 | D:3      | Found a faded altar of an unknown god.
  1418 | D:3      | Reached XP level 4. HP: 30/41 MP: 3/3
  1539 | D:3      | Reached skill level 5 in Fighting
  1835 | D:3      | Reached XP level 5. HP: 37/48 MP: 4/4
  2020 | D:4      | Reached skill level 5 in Axes
  2423 | D:4      | You fall into a shaft and drop 1 floor!
  2423 | D:5      | Entered Level 5 of the Dungeon
  2554 | D:5      | Noticed a sky beast
  2607 | D:5      | Killed a sky beast
  2608 | D:5      | Reached XP level 6. HP: 20/58 MP: 5/5
  3143 | D:5      | Noticed a sky beast
  3169 | D:5      | Killed a sky beast
  3170 | D:5      | Reached XP level 7. HP: 41/66 MP: 6/6
  4301 | D:5      | Noticed Grinder
  4304 | D:5      | Paralysed by Grinder for 2 turns
  4308 | D:5      | Paralysed by Grinder for 4 turns
  4322 | D:5      | Paralysed by Grinder for 7 turns
  4333 | D:5      | Killed Grinder
  4334 | D:5      | Reached XP level 8. HP: 55/77 MP: 7/7
  4525 | D:5      | Found a runed translucent door.
  4526 | D:5      | Noticed Crazy Yiuf
  4531 | D:5      | Killed Crazy Yiuf
  4716 | D:4      | Reached skill level 1 in Dodging
  5773 | D:6      | Reached skill level 5 in Armour
  5773 | D:6      | Reached skill level 5 in Shields
  5795 | D:6      | Found a sparkling altar of Nemelex Xobeh.
  5984 | D:6      | Found a bloodstained altar of Trog.
  6085 | D:6      | Noticed Menkaure
  6093 | D:6      | Killed Menkaure
  6405 | D:6      | Identified a scroll of acquirement
  6405 | D:6      | Acquired 510 gold pieces
  6493 | D:6      | Reached XP level 9. HP: 82/82 MP: 8/8
  6941 | D:7      | Found an ornate altar of the Wu Jian Council.
  6994 | D:7      | Found a staircase to the Ecumenical Temple.
  7025 | Temple   | Entered the Ecumenical Temple
  7175 | Temple   | Became a worshipper of Warmaster Okawaru
  7397 | D:7      | Found Iffofem's Book Shoppe.
  7488 | D:7      | Reached skill level 5 in Dodging
  7782 | D:8      | Found Piafih's Jewellery Shoppe.
  7791 | D:8      | Bought the ring of Ceuhumu {*Corrode rPois rC+ Dex+3} for
                  | 479 gold pieces
  7819 | D:8      | Found Miez's Book Shoppe.
  7870 | D:8      | Found Niukar's Armour Shoppe.
  7915 | D:8      | Noticed Pikel
  7926 | D:8      | Killed Pikel
  8223 | D:8      | Noticed Prince Ribbit
  8225 | D:8      | Found Eriopap's Distillery.
  8257 | D:8      | Killed Prince Ribbit
  8400 | D:8      | Bought a potion of flight for 48 gold pieces
  8400 | D:8      | Bought a potion of attraction for 48 gold pieces
  8400 | D:8      | Bought a potion of brilliance for 64 gold pieces
  8400 | D:8      | Bought a potion of berserk rage for 80 gold pieces
  8400 | D:8      | Bought a potion of mutation for 128 gold pieces
  8410 | D:8      | Reached * piety under Okawaru
  8427 | D:8      | Found Kimu's Distillery.
  8756 | D:8      | Found a blossoming altar of Fedhas.
  8812 | D:9      | Noticed a two-headed ogre
  8841 | D:9      | Killed a two-headed ogre
  8841 | D:9      | Reached ** piety under Okawaru
  8842 | D:9      | Reached skill level 1 in Invocations
  8842 | D:9      | Reached XP level 10. HP: 90/90 MP: 8/10
  9081 | D:9      | Found Ugisikk's Weapon Shop.
  9096 | D:9      | Noticed Erica
  9148 | D:9      | Slain by Erica

Illustrated notes

Levels and vault maps discovered:
D:1:      minmay_arrival_shattered_statue, layout_loops_ring
D:2:      layout_rooms, hangedman_decor_peaks_small
D:3:      layout_rooms, chequers_ecumenical_altar_island
D:4:      layout_layer_cave, minmay_surrounded
D:5:      layout_loops_ring, minmay_stone_trees_medium, hex_tiny, uniq_grinder,
          uniq_crazy_yiuf_cottage
D:6:      layout_loops_ring, trog_hazing_becter, nemelex_dance_club_becter,
          uniq_menkaure
D:7:      layout_basic, nicolae_wu_jian_wuxing_cycle, minmay_temple_entry_tees,
          serial_glass, glass_columns_c, glass_columns_c, glass_columns_b,
          glass_columns_b, glass_columns_c, glass_columns_a, glass_columns_b,
          glass_columns_a, item_on_display_a, minmay_strange_pillars,
          minmay_strange_pillars, serial_shops, kennysheep_little_box
D:8:      layout_gridville, fedhas_altar_4, serial_shops, shop,
          nicolae_shop_stone, kennysheep_mini_moat, shop, shop_fountains,
          uniq_prince_ribbit1, uniq_pikel
D:9:      layout_basic, elyvilon_altar_3, serial_shops, shop_coins,
          shop_fountains, uniq_erica
Temple:   regret_index_temple_generic_petals

Skill      XL: |  1  2  3  4  5  6  7  8  9 10 |
---------------+-------------------------------+-----
Fighting       | 4 5 6 7 8 |  8.9
Axes           | 3 4 5 7 8 |  8.4
Dodging        | 4 6 7 |  7.4
Armour         | 5 8 9 |  9.1
Shields        | 6 8 9 |  9.1
Invocations    | 1 2 |  2.8

Action                   |  1- 3 |  4- 6 |  7- 9 | 10-12 || total
-------------------------+-------+-------+-------+-------++-------
Melee: War axe           |   134 |    91 |   382 |    70 ||   677
       Headbutt          |    18 |    12 |    90 |    29 ||   149
  Use: Potion            |       |     1 |     3 |       ||     4
       Scroll            |       |       |    11 |       ||    11
 Stab: Invisible         |       |       |     4 |       ||     4
Armor: Scale mail        |    37 |    33 |    51 |       ||   121
       Plate armour      |       |       |    93 |    21 ||   114
Dodge: Dodged            |    34 |    19 |    81 |     8 ||   142
Block: Kite shield       |   116 |    77 |   297 |    47 ||   537
       Reflection        |       |       |    19 |     1 ||    20

Table legend: (Time is in decaauts)
 A = Elapsed time spent in this place.
 B = Non-inter-level travel time spent in this place.
 C = Inter-level travel time spent in this place.
 D = Time resting spent in this place.
 E = Time spent auto-exploring this place.
 F = Levels seen in this place.
 G = Mean time per level.
                   A        B        C        D        E       F      G
               +--------+--------+--------+--------+--------+-----+--------+
         Total |   9409 |   9173 |    236 |   1574 |   5982 |  10 |  940.9 |
       Dungeon |   9134 |   8920 |    214 |   1574 |   5741 |   9 | 1014.9 |
        Temple |    274 |    252 |     22 |      0 |    241 |   1 |  274.0 |
               +--------+--------+--------+--------+--------+-----+--------+

Top non-repeatable levels by time:
     D:5: 2244 daAuts
     D:6: 1338 daAuts
     D:4: 1136 daAuts
     D:8: 1113 daAuts
     D:7: 901 daAuts
     D:1: 828 daAuts
     D:3: 707 daAuts
     D:2: 470 daAuts
     D:9: 392 daAuts
  Temple: 274 daAuts
